 Dungeon Crawl Stone Soup version 0.31-a0-640-g39d97e502b (webtiles) character file.

Game seed: 9663659037243457649

1485 qw the Skirmisher (level 8, 0/51 HPs)
             Began as a Gargoyle Hunter on Aug 27, 2023.
             Shot with an arrow by a centaur (3 damage)
             ... on level 6 of the Dungeon.
             The game lasted 00:01:57 (4373 turns).

qw the Skirmisher (Gargoyle Hunter)                 Turns: 4373, Time: 00:01:58

Health: 0/51       AC: 11    Str: 16    XL:     8   Next: 79%
Magic:  8/8        EV: 11    Int:  9    God:
Gold:   255        SH:  0    Dex: 15    Spells: 7/7 levels left

rFire   + . .        Y - +1 longbow (freeze)
rCold   . . .        (shield currently unavailable)
rNeg    + + .        i - +0 ring mail
rPois   inf          (no helmet)
rElec   +            (no cloak)
rCorr   .            (no gloves)
SInv    .            (no boots)
Will    +++..        c - amulet of the Four Winds {rN+ Will+++ Clar}
Stlth   +            m - ring of protection from fire
HPRegen 0.28/turn    (no ring)
MPRegen 0.11/turn

%: clarity
@: no status effects
A: sickness immunity, AC +5, negative energy resistance 1, electricity
resistance, torment resistance 1, petrification resistance
a: no special abilities


You were on level 6 of the Dungeon.
You visited 1 branch of the dungeon, and saw 6 of its levels.
You also visited: Sewer.

You collected 255 gold pieces.


Innate Abilities, Weirdness & Mutations

You are immune to sickness and miasma.
Your stone body is resilient. (AC +5)
You are immune to poison.
You resist negative energy. (rN+)
You are resistant to electric shocks. (rElec)
You are resistant to unholy torment.
You are immune to petrification.


   Skills:
 - Level 6.1 Fighting
 + Level 9.6 Ranged Weapons
 - Level 2.2 Armour
 - Level 2.1 Dodging
 - Level 1.1 Stealth


You had 7 spell levels left.
You didn't know any spells.
Your spell library was empty.

Inventory:

Hand Weapons
 Y - a +1 longbow of freezing (weapon)
Armour
 i - a +0 ring mail (worn)
Jewellery
 c - the amulet of the Four Winds (around neck) {rN+ Will+++ Clar}
   (You found it on level 4 of the Dungeon)

   [amulet of nothing]

   rN+:       It protects you from negative energy.
   Will+++:   It greatly increases your willpower.
   Clar:      It protects you from confusion, rage, mesmerisation and fear.
 m - a ring of protection from fire (left hand)
Scrolls
 a - a scroll of identify
Potions
 b - a potion of resistance
 d - 2 potions of curing
 e - 2 potions of enlightenment
 f - 2 potions of might
 g - a potion of mutation
 h - a potion of haste
 k - a potion of brilliance {unknown}

Dungeon Overview and Level Annotations

Branches:
Dungeon (6/15)              Sewer (visited)
 Temple: D:4-7

Altars:
Zin

Annotations:
D:5 1 runed translucent door, qw's ghost, novice MiHs


Message History

Found a dagger.
There is a stone staircase leading up here.
Waypoint 6 assigned to D:6.
You now have 255 gold pieces (gained 7).
Found 2 curare-tipped darts.
You see here 2 curare-tipped darts.
Found 4 boomerangs.
Found two stone staircases leading down.
You see here 4 boomerangs.
Found a stone staircase leading up.
There is a stone staircase leading down here.
There is a stone staircase leading down here.
Found 7 stones.
A centaur comes into view.
The centaur shouts!
The centaur wields a +0 shortbow.
The centaur shoots an arrow.
The arrow hits you!
You shoot an arrow. The arrow hits the centaur.
The arrow freezes the centaur.
The centaur is lightly wounded.
The centaur shoots an arrow.
The arrow misses you.
The centaur shoots an arrow.
The arrow closely misses you.
You shoot an arrow. The arrow hits the centaur.
The arrow freezes the centaur.
The centaur is heavily wounded.
The centaur shoots an arrow.
The arrow hits you.
The centaur shoots an arrow.
The arrow hits you!
You shoot an arrow. The arrow hits the centaur.
The arrow freezes the centaur.
The centaur is severely wounded.
The centaur shoots an arrow.
The arrow hits you.
The centaur shoots an arrow.
The arrow hits you.
You shoot an arrow.
The arrow hits the centaur but does no damage.
The centaur is heavily wounded.
The centaur shoots an arrow.
The arrow hits you!
The centaur shoots an arrow.
The arrow misses you.
You shoot an arrow. The arrow closely misses the centaur.
The centaur shoots an arrow.
The arrow misses you.
The centaur shoots an arrow.
The arrow hits you.
The centaur shoots an arrow.
The arrow hits you!
You shoot an arrow. The arrow barely misses the centaur.
The centaur shoots an arrow.
The arrow hits you.
You die...

## #.......#.## #.
#.## #....#.########
#. ##!..
#.#.###.<...# #.
.#.... ##...###.....#
#.
......##..#(.>......#
#.
............###>....#
#. #.....#.##.#
#.....# #.
#....#..##.# #######
## ##(. #@....#
###..#.#.##
....$.##.# ........
..# ..c....8 #!
########


You could see a centaur.

Vanquished Creatures
  2 ogres
  2 phantoms
  3 kobold brigands (Sewer)
  4 scorpions
  2 hounds
  6 orc priests
  2 iguanas (D:5)
  5 orc wizards
  A gnoll (D:1)
  11 adders
  A river rat (Sewer)
  6 worms
  3 dart slugs
  25 orcs
  4 bats
  15 endoplasms
  9 giant cockroaches
  7 goblins
  11 hobgoblins
  6 jackals
  10 kobolds
  4 quokkas
  8 ball pythons
  2 frilled lizards (D:1)
  9 rats
158 creatures vanquished.

Notes
Turn   | Place    | Note
-------+----------+-------------------------------------------
     0 | D:1      | qw the Gargoyle Hunter began the quest for the Orb.
     0 | D:1      | Reached XP level 1. HP: 12/12 MP: 1/1
     0 | D:1      | 0 ||| qw: Version: 0.3-a-74-g0d5e918
     0 | D:1      | 0 ||| qw: Game counter: 20
     0 | D:1      | 0 ||| qw: Melee chars always use a shield: true
     0 | D:1      | 0 ||| qw: God list: Okawaru
     0 | D:1      | 0 ||| qw: Allow faded altars: false
     0 | D:1      | 0 ||| qw: Do Orc after clearing Dungeon:15 true
     0 | D:1      | 0 ||| qw: Do second Lair branch before Depths: true
     0 | D:1      | 0 ||| qw: Lair rune preference: random
     0 | D:1      | 0 ||| qw: Goals: Normal
     0 | D:1      | 0 ||| PLANNING D:1-11
    37 | D:1      | Reached XP level 2. HP: 10/17 MP: 2/2
   115 | D:1      | Reached skill level 5 in Ranged Weapons
   115 | D:1      | Reached XP level 3. HP: 11/21 MP: 3/3
   234 | D:1      | Found a faded altar of an unknown god.
   794 | D:1      | 794 ||| READING 3 scrolls labelled DEROEDWEAKK.
   795 | D:1      | 795 ||| READING scroll labelled KETHRELEQ YKUIZ.
   796 | D:1      | 796 ||| READING scroll labelled JEIR TAMUCVI.
   797 | D:1      | 797 ||| READING 2 scrolls of identify.
   797 | D:1      | 797 ||| IDENTIFYING clear potion
   798 | D:1      | 798 ||| DROPPING scroll of butterflies.
   991 | D:2      | Reached skill level 3 in Fighting
   996 | D:2      | Reached XP level 4. HP: 28/28 MP: 4/4
  1474 | D:2      | Reached XP level 5. HP: 32/32 MP: 5/5
  1514 | D:2      | 1514 ||| READING 2 scrolls labelled SUEPTI GOWOTOCW.
  1515 | D:2      | 1515 ||| READING 2 scrolls labelled URUENN EKLAH.
  1516 | D:2      | 1516 ||| READING 3 scrolls of identify.
  1516 | D:2      | 1516 ||| IDENTIFYING yellow potion
  1517 | D:2      | 1517 ||| READING 2 scrolls of identify.
  1517 | D:2      | 1517 ||| IDENTIFYING puce potion
  1518 | D:2      | 1518 ||| DROPPING potion of magic.
  1519 | D:2      | 1519 ||| DROPPING scroll of amnesia.
  1520 | D:2      | 1520 ||| DROPPING scroll of noise.
  1531 | D:3      | 1531 ||| STAIRDANCE
  1665 | D:3      | Found a glowing silver altar of Zin.
  1702 | D:3      | Reached skill level 6 in Ranged Weapons
  2013 | D:3      | 2013 ||| UPGRADING to +0 ring mail.
  2023 | D:3      | 2023 ||| DROPPING +0 leather armour.
  2024 | D:3      | 2024 ||| DRINKING 2 smoky orange potions.
  2025 | D:3      | 2025 ||| READING 2 scrolls of identify.
  2025 | D:3      | 2025 ||| IDENTIFYING metallic clear potion
  2045 | D:4      | Found the amulet of the Four Winds {rN+ Will+++ Clar}
  2142 | D:4      | Reached XP level 6. HP: 34/38 MP: 6/6
  2436 | D:4      | Reached skill level 7 in Ranged Weapons
  2436 | D:4      | Reached XP level 7. HP: 21/43 MP: 7/7
  2981 | D:4      | 2981 ||| UPGRADING to amulet of the Four Winds {rN+ Will+++
                  | Clar}.
  2986 | D:4      | 2986 ||| READING 2 scrolls labelled XINAINOKEYJ.
  2986 | D:4      | Identified 2 scrolls of acquirement
  2986 | D:4      | 2986 ||| ACQUIRING +3 arbalest of electrocution
  2986 | D:4      | Acquired a +3 arbalest of electrocution
  2988 | D:4      | 2988 ||| SWAPPING to +3 arbalest of electrocution.
  2989 | D:4      | 2989 ||| DROPPING +0 shortbow of draining.
  2990 | D:4      | 2990 ||| READING scroll of acquirement.
  2990 | D:4      | 2990 ||| ACQUIRING +1 longbow of draining
  2990 | D:4      | Acquired a +1 longbow of draining
  2992 | D:4      | 2992 ||| SWAPPING to +1 longbow of draining.
  2993 | D:4      | 2993 ||| DROPPING +3 arbalest of electrocution.
  2994 | D:4      | 2994 ||| READING 2 scrolls of identify.
  2994 | D:4      | 2994 ||| IDENTIFYING smoky coppery potion
  3020 | D:5      | Entered Level 5 of the Dungeon
  3021 | D:5      | 3021 ||| PLANNING SEWER
  3092 | D:5      | 3092 ||| Stepping ~*~*~tactically~*~*~ (retreating).
  3099 | D:5      | Reached skill level 8 in Ranged Weapons
  3224 | D:5      | 3224 ||| Stepping ~*~*~tactically~*~*~ (outnumbered).
  3232 | D:5      | Reached XP level 8. HP: 49/49 MP: 8/8
  3361 | D:5      | Found a glowing drain.
  3370 | D:5      | 3370 ||| UPGRADING to ring of protection from fire.
  3371 | D:5      | 3371 ||| READING scroll labelled JOUFOT VASOHAUM.
  3380 | Sewer    | Entered a sewer
  3439 | Sewer    | 3439 ||| Stepping ~*~*~tactically~*~*~ (water).
  3513 | Sewer    | 3513 ||| Stepping ~*~*~tactically~*~*~ (water).
  3551 | Sewer    | 3551 ||| Stepping ~*~*~tactically~*~*~ (water).
  3602 | Sewer    | 3602 ||| Stepping ~*~*~tactically~*~*~ (water).
  3620 | Sewer    | Reached skill level 9 in Ranged Weapons
  3672 | Sewer    | 3672 ||| Stepping ~*~*~tactically~*~*~ (water).
  3776 | Sewer    | 3776 ||| Stepping ~*~*~tactically~*~*~ (water).
  3857 | Sewer    | Reached skill level 6 in Fighting
  3869 | Sewer    | 3869 ||| READING scroll of brand weapon.
  3869 | Sewer    | 3869 ||| BRANDING +1 longbow of draining.
  3870 | Sewer    | 3870 ||| READING scroll labelled NOOFOC OPNE.
  3871 | Sewer    | 3871 ||| DRINKING 2 inky potions.
  3897 | D:5      | 3897 ||| PLANNING D:1-11
  4013 | D:5      | 4013 ||| Stepping ~*~*~tactically~*~*~ (retreating).
  4014 | D:5      | 4014 ||| Stepping ~*~*~tactically~*~*~ (retreating).
  4137 | D:5      | Found a runed translucent door.
  4141 | D:5      | Noticed qw's ghost (novice MiHs)
  4300 | D:5      | 4300 ||| READING 2 scrolls of identify.
  4300 | D:5      | 4300 ||| IDENTIFYING bubbling pink potion
  4301 | D:5      | 4301 ||| DROPPING potion of lignification.
  4372 | D:6      | HP: 10/51 [centaur/arrow (4)]
  4372 | D:6      | HP: 2/51 [centaur/arrow (8)]
  4373 | D:6      | Shot with an arrow by a centaur

Levels and vault maps discovered:
D:1:      minmay_arrival_four_houses, layout_basic,
          ebering_ecumenical_altar_rust, st_stairs_9, minmay_indecisive_spiral
D:2:      layout_loops_ring, serial_glass, glass_columns_b, glass_columns_b,
          glass_columns_a, glass_columns_b, glass_columns_a, glass_columns_b,
          chequers_serial_rivers_room_b, minmay_pentomino_p2
D:3:      layout_basic, mainiacjoe_overflow_surrounded_room,
          minmay_misc_feat_columns
D:4:      layout_basic, serial_co_window_serial, co_window_paths_a,
          co_window_corner_a, co_window_paths_a, co_window_cross_1,
          co_window_paths_b, co_window_corner_a, co_window_paths_a,
          co_window_cross_3, co_window_corner_ca, co_window_corner_b,
          co_window_4corner_a
D:5:      layout_basic, portal_sewer_entry_f, ebering_ghost_reflecting_pool
D:6:      hellmonk_crumbling_castle, layout_loops_cross, temple_green,
          corexii_corridor_pit

Skill      XL: |  1  2  3  4  5  6  7  8 |
---------------+-------------------------+-----
Ranged Weapons | 5 6 7 8 9 |  9.6
Fighting       | 3 4 5 6 |  6.1
Armour         | 2 |  2.2
Dodging        | 2 |  2.1
Stealth        | |  1.1

Action                     |  1- 3 |  4- 6 |  7- 9 || total
---------------------------+-------+-------+-------++-------
   Fire: Shortbow          |    67 |   207 |    17 ||   291
         Longbow           |       |       |   182 ||   182
    Use: Scroll            |     4 |     5 |     7 ||    16
         Potion            |       |     1 |     1 ||     2
 Armour: Leather armour    |     6 |    19 |       ||    25
         Ring mail         |       |    31 |    62 ||    93
  Dodge: Dodged            |    10 |    62 |    78 ||   150

Table legend:
 A = Non-vault XP
 B = Vault XP
 C = Vault XP percentage of total XP
 D = Non-vault monster count
 E = Vault monster count
 F = Vault count percentage of total count
                 A         B        C        D         E       F
            +---------+---------+-------+---------+---------+-------
      Total |    1661 |     461 |  21.7 |     115 |      43 |  27.2
            +---------+---------+-------+---------+---------+-------
        D:1 |      30 |      27 |  47.4 |      15 |       7 |  31.8
        D:2 |      95 |      15 |  13.6 |      23 |       2 |   8.0
        D:3 |      99 |       0 |   0.0 |      26 |       0 |   0.0
        D:4 |     500 |       0 |   0.0 |      18 |       0 |   0.0
        D:5 |     937 |      12 |   1.3 |      33 |       6 |  15.4
      Sewer |       0 |     407 | 100.0 |       0 |      28 | 100.0
            +---------+---------+-------+---------+---------+-------
